 Dungeon Crawl Stone Soup version 0.27-a0-1123-g2f9bb313c0 (webtiles) character file.

Game seed: 10188643337719327926

57 wakim the Ruffian (level 3, -13/36 HPs)
             Began as a Troll Monk on May 3, 2021.
             Mangled by an orc warrior
             ... wielding a +0 long sword
              (15 damage)
             ... on level 2 of the Dungeon.
             The game lasted 00:02:18 (938 turns).

wakim the Ruffian (Troll Monk)                       Turns: 938, Time: 00:02:19

Health: -13/36     AC:  4    Str: 20    XL:     3   Next: 73%
Magic:  2/2        EV: 10    Int:  6    God:
Gold:   24         SH:  0    Dex: 12    Spells: 2/2 levels left

rFire    . . .     SeeInvis .     - Unarmed
rCold    . . .     Faith    .   (no shield)
rNeg     . . .     Spirit   .   a - +0 robe
rPois    .         Reflect  .   (helmet restricted)
rElec    .         Harm     .   (no cloak)
rCorr    .         Rampage  .   (gloves unavailable)
Will     .....                  (boots unavailable)
Stlth    +.........             d - amulet of the acrobat
HPRegen  1.12/turn              (no ring)
MPRegen  0.08/turn              (no ring)

@: confused
A: large, unfitting armour, claws 3, regeneration 1, shaggy fur 1, tough skin 1
a: no special abilities


You were on level 2 of the Dungeon.
You visited 1 branch of the dungeon, and saw 2 of its levels.

You collected 24 gold pieces.

Inventory:

Armour
 a - a +0 robe (worn)
Jewellery
 d - an amulet of the acrobat (around neck)
Scrolls
 c - a scroll of teleportation {unknown}
Potions
 b - a potion of heal wounds {unknown}
 e - a potion of flight {unknown}


   Skills:
 + Level 2.8 Fighting
 * Level 1.6 Armour
 - Level 2.4 Dodging
 - Level 1.0 Stealth
 * Level 3.7 Unarmed Combat


You had 2 spell levels left.
You didn't know any spells.
Your spell library was empty.

Dungeon Overview and Level Annotations

Branches:
Dungeon (2/15)

Altars:

Shops:
D:2 =


Innate Abilities, Weirdness & Mutations

You are too large for most types of armour.
You have claws for hands.
Your natural rate of healing is unusually fast.
You are covered in fur. (AC +1)
You have tough skin. (AC +1)


Message History

No target in view!
No target in view!
No target in view!
No target in view!
No target in view!
No target in view!
You now have 24 gold pieces (gained 2).
You see here a +0 short sword.
An orc wizard comes into view. It is wielding a +0 dagger.
The orc wizard shouts!
You hear a shout!
The orc wizard gestures at itself while chanting.
The orc wizard flickers and vanishes!
Deactivating autopickup; reactivate with Ctrl-A.
No target in view!
You hear some strange, mumbled words.
A puff of flame appears from out of thin air!
The puff of flame misses you. 2 orcs and an orc warrior come into view.
You hear some strange, mumbled words.
You are confused.
You barely miss something.
You hear some strange, mumbled words.
You are more confused.
You scratch the orc warrior but do no damage.
The orc warrior barely misses you. Something completely misses you.
You're too confused to move!
Something hits you but does no damage.
The orc warrior hits you with a +0 long sword!
You bump into the rock wall.
Something hits you but does no damage.
The orc warrior hits you with a +0 long sword!!
Ouch! That really hurt!
* * * LOW HITPOINT WARNING * * *
You scratch the orc warrior.
The orc warrior is lightly wounded.
The orc warrior hits you with a +0 long sword!
* * * LOW HITPOINT WARNING * * *
You hear some strange, mumbled words.
You are more confused.
You bump into the rock wall.
Something hits you but does no damage.
The orc warrior hits you with a +0 long sword!
You die...

.............
........####.
........# #.
#######.####.
#......
########## #
#........)
#.####
###.######


#ooo@# #.# ####.# #.# #.#########.# #...........# ############# You could see an
orc warrior and 2 orcs.

Vanquished Creatures
  A gnoll (D:1)
  An adder (D:2)
  A ball python (D:2)
  A bat (D:2)
  An endoplasm (D:1)
  2 giant cockroaches
  3 goblins
  6 hobgoblins
  3 jackals (D:2)
  3 kobolds (D:1)
  3 quokkas
  2 frilled lizards (D:1)
  8 rats (D:1)
35 creatures vanquished.

Notes
Turn   | Place    | Note
-------+----------+-------------------------------------------
     0 | D:1      | wakim the Troll Monk began the quest for the Orb.
     0 | D:1      | Reached XP level 1. HP: 22/22 MP: 0/0
   195 | D:1      | Reached XP level 2. HP: 28/29 MP: 1/1
   287 | D:1      | Reached skill level 1 in Armour
   328 | D:1      | Found a faded altar of an unknown god.
   339 | D:1      | Reached XP level 3. HP: 34/36 MP: 2/2
   747 | D:2      | Found Xicula's Jewellery Emporium.
   931 | D:2      | Noticed an orc warrior
   937 | D:2      | HP: 1/36 [orc warrior/+0 long sword (7)]
   938 | D:2      | Mangled by an orc warrior

Illustrated notes

Levels and vault maps discovered:
D:1:      scummos_arrival_simple_crosswalls, layout_loops_ring,
          hellmonk_ecumenical_altar_arch_garden, serial_forest,
          infiniplex_forest_end_1, infiniplex_forest_lined_4_way,
          infiniplex_forest_lined_1, infiniplex_forest_split,
          infiniplex_forest_clump_small, moated_statue
D:2:      layout_basic, serial_shops, shop

Skill      XL: |  1  2 |
---------------+-------+-----
Armour         | 1 |  1.6
Fighting       | |  2.8
Dodging        | |  2.4
Stealth        | |  1.0
Unarmed Combat | |  3.7

Action                   || total
-------------------------++-------
Melee: Unarmed           ||    73
  Use: Scroll            ||     1
 Stab: Sleeping          ||     2
Armor: Robe              ||    11
Dodge: Dodged            ||    33

Table legend: (Time is in decaauts)
 A = Elapsed time spent in this place.
 B = Non-inter-level travel time spent in this place.
 C = Inter-level travel time spent in this place.
 D = Time resting spent in this place.
 E = Time spent auto-exploring this place.
 F = Levels seen in this place.
 G = Mean time per level.
                   A        B        C        D        E       F      G
               +--------+--------+--------+--------+--------+-----+--------+
         Total |    931 |    912 |     19 |      0 |    741 |   2 |  465.5 |
       Dungeon |    931 |    912 |     19 |      0 |    741 |   2 |  465.5 |
               +--------+--------+--------+--------+--------+-----+--------+

Top non-repeatable levels by time:
     D:1: 699 daAuts
     D:2: 231 daAuts
